 Dungeon Crawl Stone Soup version 0.17.1-1-g73c8601 (webtiles) character file.

26737 Glider the Brawler (level 13, 0/124 HPs)
             Began as a Troll Monk on Jan 8, 2016.
             Was an Elder of Qazlal.
             Killed from afar by an electric eel (5 damage)
             ... with a bolt of electricity
             ... on level 5 of the Lair of Beasts.
             The game lasted 00:55:25 (14551 turns).

Glider the Brawler (Troll Monk)                    Turns: 14551, Time: 00:55:26

Health: 0/124      AC:  7    Str: 23    XL:     13   Next: 0%
Magic:  18/18      EV: 14    Int:  6    God:    Qazlal [****..]
Gold:   1224       SH:  5    Dex: 15    Spells: 0 memorised, 12 levels left

rFire  + . .     SeeInvis +       - Unarmed
rCold  + . .     Clarity  .     j - +1 robe of Utzoobit {rF+ rN+}
rNeg   + . .     SustAt   .     (no shield)
rPois  .         Gourm    +     (helmet restricted)
rElec  .         Spirit   .     D - +0 cloak
rCorr  .         Warding  .     (gloves unavailable)
rMut   .         Stasis   .     (boots unavailable)
MR     .....                    i - amulet of regeneration
Stlth  +.........               o - ring of see invisible
                                L - ring of protection from cold

@: repel missiles, drained, not resistant to hostile enchantments, very
unstealthy
A: unfitting armour, claws 3, fast metabolism 3, gourmand, regeneration 2,
shaggy fur 1, tough skin 2
a: Upheaval, Elemental Force, Renounce Religion


You were on level 5 of the Lair of Beasts.
You worshipped Qazlal.
Qazlal was greatly pleased with you.
You were completely stuffed.

You visited 3 branches of the dungeon, and saw 18 of its levels.
You also visited: Sewer.

You collected 1224 gold pieces.

Inventory:

Missiles
 S - 14 tomahawks (quivered)
Armour
 j - the +1 robe of Utzoobit (worn) {rF+ rN+}
   (You found it on level 12 of the Dungeon)

   It protects you from fire.
   It protects you from negative energy.
 D - a +0 cloak (worn)
Rods
 q - a +0 iron rod (14/14)
   (You found it in a sewer)
 r - a +1 rod of the swarm (14/14)
   (You found it on level 3 of the Dungeon)
Jewellery
 i - an amulet of regeneration (around neck)
 o - a ring of see invisible (right claw)
 L - a ring of protection from cold (left claw)
Wands
 v - a wand of digging (9)
 I - a wand of paralysis (15)
 T - a wand of teleportation (2)
 V - a wand of invisibility (3)
Scrolls
 d - a scroll of enchant armour
 e - 10 scrolls of teleportation
 h - a scroll of blinking {unknown}
 m - 7 scrolls of remove curse
 u - 3 scrolls of enchant weapon
 x - 4 scrolls of fog
 A - a scroll of vulnerability {unknown}
 C - 2 scrolls of magic mapping
 E - a scroll of fear
 F - 5 scrolls of recharging
 G - a scroll of torment {unknown}
 K - 2 scrolls of identify
Potions
 a - a potion of magic
 c - 11 potions of curing
 g - 4 potions of invisibility
 k - a potion of resistance
 p - 5 potions of heal wounds
 t - 2 potions of haste
 w - 4 potions of brilliance
 z - 4 potions of flight
 J - 2 potions of agility
 M - 3 potions of might
 X - a potion of berserk rage
Books
 f - a Young Poisoner's Handbook

   Spells                             Type                      Level
   a - Sting                          Conjuration/Poison           1
   b - Cure Poison                    Poison                       2
   c - Mephitic Cloud                 Conjuration/Poison/Air       3
   d - Olgreb's Toxic Radiance        Poison                       4
   e - Venom Bolt                     Conjuration/Poison           5
 N - a book of the Sky

   Spells                             Type                      Level
   a - Summon Lightning Spire         Summoning/Air                4
   b - Airstrike                      Air                          4
   c - Silence                        Hexes/Air                    5
   d - Deflect Missiles               Charms/Air                   6
   e - Conjure Ball Lightning         Conjuration/Air              6
   f - Tornado                        Air                          9
Miscellaneous
 y - an ornate deck of defence {the Tomb}
 H - a plain deck of defence
Comestibles
 b - 8 bread rations
 l - 2 fruits
 n - 3 meat rations
 s - 2 slices of pizza
 B - 2 beef jerkies
 O - 5 chunks of flesh
 P - a royal jelly


   Skills:
 - Level 7.1(7.0) Fighting
 * Level 4.9(4.8) Throwing
 - Level 8.0(7.9) Dodging
 - Level 1.1(1.0) Stealth
 - Level 15.0(14.8) Unarmed Combat
 - Level 9.0(8.9) Invocations


You had 12 spell levels left.
You didn't know any spells.

Dungeon Overview and Level Annotations

Branches:
Dungeon (12/15)            Temple (1/1) D:4            Lair (5/8) D:10
  Swamp (0/4) Lair:4          Orc (0/4) D:10
  Snake: Lair:3-6    Spider: Lair:3-6

Altars:
Ashenzari
Cheibriados
Dithmenos
Elyvilon
Fedhas
Gozag
Kikubaaqudgha
Makhleb
Nemelex Xobeh
Okawaru
Qazlal
Ru
Sif Muna
Trog
Vehumet
Xom
Yredelemnul
Zin
The Shining One

Shops:
D:5 =


Innate Abilities, Weirdness & Mutations

You are too large for most types of armour.
You have claws for hands.
Your metabolism is lightning-fast.
You like to eat raw meat.
You heal very quickly.
You are covered in fur (AC +1).
You have very tough skin (AC +2).


Message History

* * * LOW HITPOINT WARNING * * *
You barely miss the electric eel.
The electric eel is almost dead.
The plant is engulfed in freezing vapours.
The fungus is engulfed in freezing vapours.
You destroy the fungus!
The electric eel shoots out a bolt of lightning at you!
The bolt of electricity hits you!
* * * LOW HITPOINT WARNING * * *
The bolt of electricity hits you!
* * * LOW HITPOINT WARNING * * *
The plant is engulfed in freezing vapours.
The electric eel shoots out a bolt of lightning at you!
The bolt of electricity hits you!
* * * LOW HITPOINT WARNING * * *
The bolt of electricity hits you!
* * * LOW HITPOINT WARNING * * *
The electric eel shoots out a bolt of lightning at you!
The bolt of electricity hits you!
You die...

#####....## ###...P..#..#
#..........# #.P.....#.#
##...#...#.#
##...###....#
#..§###...§§##
##.####.#§..P### ###
####P..##..§@..§.P#
P#.##.##...#....#.;....#
.......#....#.P.#.;§.#!P#
......§.........?.....###
P.....................#
.P##..###..............#
###...#............#..##
.....§.†.......##...##.
...#..#.........


You could see 2 electric eels.

Vanquished Creatures
  The ghost of Musteatbrain the Fighter, a journeyman DgFi (Lair:3)
  Fannar (D:12)
  A centaur warrior (D:11)
  A hydra (Lair:2)
  An unseen horror (D:10)
  Pikel (D:4)
  An orc knight (D:11)
  An ugly thing (D:11)
  A hill giant (D:9)
  A manticore (D:11)
  3 komodo dragons
  4 spiny frogs
  A kobold demonologist (D:11)
  2 trolls
  2 two-headed ogres
  6 blink frogs (Lair:4)
  2 shadows
  2 basilisks
  A deep elf mage (D:9)
  A steam dragon (Lair:4)
  39 yaks
  6 hippogriffs
  Menkaure (D:5)
  3 wyverns
  2 hungry ghosts
  Edmund (D:6)
  7 porcupines
  6 water moccasins
  Duvessa (D:4)
  A phantom (D:9)
  2 slaves (D:4)
  Purgy (Sewer)
  8 orc warriors
  A wasp (D:9)
  3 sky beasts
  6 ogres
  An eye of draining (D:12)
  12 crocodiles
  9 centaurs
  7 giant frogs
  2 wyvern zombies
  Dowan (D:4)
  A wyvern skeleton (D:11)
  5 scorpions
  8 killer bees
  A wight (D:11)
  An electric eel (Lair:3)
  4 centaur zombies
  7 crimson imps
  4 hounds
  4 orc priests
  A quasit (D:11)
  2 giant frog zombies
  8 jellies
  Crazy Yiuf (D:6)
  A giant frog skeleton (D:7)
  2 centaur skeletons
  10 orc wizards
  13 iguanas
  A killer bee zombie (D:9)
  10 sheep (D:10)
  3 worker ants
  Robin (D:3)
  16 adders
  17 river rats
  2 shadow imps
  6 oozes
  2 adder skeletons
  A worm (D:4)
  11 giant geckos
  60 orcs
  A ball python (D:5)
  10 goblins
  7 hobgoblins
  14 jackals
  9 kobolds
  9 quokkas
  7 bats
  2 giant cockroaches (D:2)
  A giant gecko skeleton (D:5)
  3 giant newts
  A jackal skeleton (D:7)
  10 rats
  16 fungi
  9 plants
456 creatures vanquished.

Vanquished Creatures (collateral kills)
  A hydra (Lair:4)
1 creature vanquished.

Vanquished Creatures (others)
  Blork the orc (D:4)
  A giant gecko skeleton (D:4)
  2 fungi
  A plant (Lair:3)
5 creatures vanquished.

Grand Total: 462 creatures vanquished

Notes
Turn   | Place    | Note
--------------------------------------------------------------
     0 | D:1      | Glider the Troll Monk began the quest for the Orb.
     0 | D:1      | Reached XP level 1. HP: 22/22 MP: 0/0
   191 | D:1      | Reached XP level 2. HP: 29/29 MP: 1/1
   587 | D:2      | Reached skill level 5 in Unarmed Combat
   587 | D:2      | Reached XP level 3. HP: 36/36 MP: 2/2
   759 | D:2      | Reached XP level 4. HP: 35/44 MP: 3/3
   774 | D:2      | Found a shadowy altar of Dithmenos.
  1053 | D:3      | Reached skill level 6 in Unarmed Combat
  1764 | D:3      | Noticed Robin
  1803 | D:3      | Killed Robin
  1803 | D:3      | Reached XP level 5. HP: 29/50 MP: 4/4
  2243 | D:3      | Identified a +0 rod of the swarm (13/13) (You found it on level 3 of the Dungeon)
  2354 | D:4      | Noticed an ogre
  2362 | D:4      | Killed an ogre
  2362 | D:4      | Reached skill level 7 in Unarmed Combat
  2365 | D:4      | HP: 1/50 [jackal (2)]
  2455 | D:4      | Reached XP level 6. HP: 59/59 MP: 5/5
  2466 | D:4      | Found a staircase to the Ecumenical Temple.
  2473 | Temple   | Entered the Ecumenical Temple
  2703 | D:4      | Found a glowing drain.
  2707 | Sewer    | Entered a sewer
  2781 | Sewer    | Noticed Purgy
  2790 | Sewer    | Killed Purgy
  2909 | D:4      | Noticed Pikel
  2909 | D:4      | Noticed a slave
  2909 | D:4      | Noticed a slave
  2909 | D:4      | Noticed a slave
  2910 | D:4      | Noticed a slave
  2920 | D:4      | Killed a slave
  2924 | D:4      | Killed a slave
  2933 | D:4      | Killed Pikel
  2933 | D:4      | Reached skill level 9 in Unarmed Combat
  2933 | D:4      | Reached XP level 7. HP: 29/66 MP: 6/6
  3036 | D:4      | Noticed Blork the orc
  3045 | D:4      | Killed Blork the orc
  3182 | D:4      | Noticed Duvessa
  3190 | D:4      | Noticed Dowan
  3192 | D:4      | Killed Duvessa
  3192 | D:4      | Reached skill level 10 in Unarmed Combat
  3192 | D:4      | Reached XP level 8. HP: 68/74 MP: 7/7
  3194 | D:4      | Killed Dowan
  3368 | D:5      | Entered Level 5 of the Dungeon
  3451 | D:5      | Found an opulent altar of Gozag.
  3844 | D:5      | Found Zoripurr's Jewellery Boutique.
  4398 | D:6      | Reached skill level 11 in Unarmed Combat
  4495 | D:6      | Noticed Edmund
  4508 | D:6      | Killed Edmund
  4521 | D:6      | Noticed Menkaure
  4532 | D:5      | Killed Menkaure
  4609 | D:6      | Reached skill level 12 in Unarmed Combat
  4742 | D:6      | Reached XP level 9. HP: 80/80 MP: 8/8
  5026 | D:6      | Noticed Crazy Yiuf
  5032 | D:6      | Killed Crazy Yiuf
  5077 | D:7      | Found a sparkling altar of Nemelex Xobeh.
  5374 | D:7      | Got a smoking rapier
  5375 | D:7      | Identified the cursed +1 rapier "Evihonwu" {vamp, rPois Dex+2} (You found it on level 7 of the Dungeon)
  5590 | D:8      | You fall through a shaft!
  5758 | D:9      | Reached skill level 13 in Unarmed Combat
  6024 | D:9      | Paralysed by a wasp for 1 turns
  6053 | D:9      | Reached skill level 14 in Unarmed Combat
  6057 | D:9      | Got a steaming flail
  6169 | D:9      | Reached XP level 10. HP: 62/88 MP: 9/9
  6305 | D:9      | Found a bloodstained altar of Trog.
  6308 | D:9      | Found a snail-covered altar of Cheibriados.
  6311 | D:9      | Found a white marble altar of Elyvilon.
  6790 | D:8      | Reached skill level 15 in Unarmed Combat
  7280 | D:9      | Found a stormy altar of Qazlal.
  7287 | D:9      | Noticed a hill giant
  7296 | D:9      | Killed a hill giant
  7301 | D:9      | Became a worshipper of Qazlal Stormbringer
  7301 | D:9      | Reached * piety under Qazlal
  7301 | D:9      | Reached ** piety under Qazlal
  7394 | D:10     | Entered Level 10 of the Dungeon
  7467 | D:10     | Reached skill level 1 in Invocations
  7644 | D:10     | Reached *** piety under Qazlal
  7649 | D:10     | Found a staircase to the Lair.
  7750 | D:10     | Noticed an unseen horror
  7775 | D:9      | Reached skill level 5 in Fighting
  7775 | D:9      | Reached XP level 11. HP: 59/102 MP: 11/11
  7886 | D:10     | Found a staircase to the Orcish Mines.
  7922 | D:10     | Reached skill level 5 in Dodging
  7996 | D:10     | Killed an unseen horror
  8602 | D:11     | Reached **** piety under Qazlal
  8790 | D:11     | Reached skill level 5 in Invocations
  8825 | D:11     | Noticed a centaur warrior
  8831 | D:11     | Killed a centaur warrior
  9363 | Lair:1   | Entered Level 1 of the Lair of Beasts
 10010 | D:12     | Reached XP level 12. HP: 114/114 MP: 16/16
 10117 | D:12     | Noticed Fannar
 10126 | D:12     | Killed Fannar
 10232 | D:12     | Got a faintly humming robe
 10243 | D:12     | Identified the +1 robe of Utzoobit {rF+ rN+} (You found it on level 12 of the Dungeon)
 11441 | Lair:2   | Noticed a seven-headed hydra
 11754 | Lair:2   | Killed a nine-headed hydra
 12530 | Lair:3   | Noticed Musteatbrain's ghost (journeyman DgFi)
 12873 | Lair:3   | Killed Musteatbrain's ghost
 13460 | Lair:4   | Reached skill level 1 in Throwing
 13758 | Lair:4   | Noticed a six-headed hydra
 13769 | Lair:4   | Killed a ten-headed hydra
 13824 | Lair:4   | Found a staircase to the Swamp.
 13826 | Lair:4   | Found a stormy altar of Qazlal.
 14499 | Lair:5   | Reached XP level 13. HP: 97/124 MP: 18/18
 14551 | Lair:5   | HP: 5/124 [electric eel/bolt of electricity (7)]
 14551 | Lair:5   | Killed from afar by an electric eel

Action                   |  1- 3 |  4- 6 |  7- 9 | 10-12 | 13-15 || total
-------------------------+-------+-------+-------+-------+-------++-------
Melee: Unarmed           |    66 |   156 |   260 |   804 |     5 ||  1291
Throw: Tomahawk          |       |       |       |     9 |       ||     9
Invok: Upheaval          |       |       |       |     1 |       ||     1
       Elemental Force   |       |       |       |     3 |       ||     3
Evoke: Wand              |       |       |       |     4 |       ||     4
  Use: Scroll            |       |    10 |     4 |    11 |       ||    25
       Potion            |       |     1 |       |       |       ||     1
 Stab: Sleeping          |     3 |     1 |     4 |     1 |       ||     9
  Eat: Chunk             |    12 |    20 |    35 |    85 |     1 ||   153
